 Dungeon Crawl Stone Soup version 0.29-a0-322-g68df515 (webtiles) character file.

Game seed: 9996420207678502849

105 Toastz the Vexing (level 4, -1/33 HPs)
             Began as a Vampire Enchanter on Apr 6, 2022.
             Slain by a hound (4 damage)
             ... on level 3 of the Dungeon.
             The game lasted 00:11:24 (3387 turns).

Toastz the Vexing (Vampire Enchanter)               Turns: 3387, Time: 00:11:24

Health: -1/33      AC:  3    Str:  7    XL:     4   Next: 53%
Magic:  7/7        EV: 12    Int: 17    God:
Gold:   152        SH:  0    Dex: 16    Spells: 3/8 levels left

rFire   . . .      SeeInvis +   a - +1 dagger
rCold   . . .      Faith    .   (no shield)
rNeg    . . .      Spirit   .   b - +0 robe
rPois   .          Reflect  .   (no helmet)
rElec   .          Harm     .   h - +0 cloak
rCorr   .          Rampage  .   (no gloves)
Will    .....                   (no boots)
Stlth   +++.......              (no amulet)
HPRegen 0.31/turn               (no ring)
MPRegen 0.10/turn               (no ring)

@: about to teleport, healing quickly
A: alive, fangs 3, see invisible, vampiric 2
a: Exsanguinate


You were on level 3 of the Dungeon.
You visited 1 branch of the dungeon, and saw 4 of its levels.

You collected 152 gold pieces.

Inventory:

Hand Weapons
 a - a +1 dagger (weapon)
Missiles
 j - 13 poisoned darts (quivered)
Armour
 b - a +0 robe (worn)
 d - a +0 leather armour
 h - a +0 cloak (worn)
 u - a scarf of invisibility
Jewellery
 l - an amulet of faith
Wands
 q - a wand of digging (3)
Scrolls
 e - a scroll of teleportation
 f - a scroll of enchant weapon {unknown}
 g - a scroll of magic mapping {unknown}
 m - a scroll of enchant armour {unknown}
 t - a scroll of fear {unknown}
 v - a scroll of acquirement {unknown}
Potions
 c - 3 potions of invisibility
 i - a potion of flight {unknown}
 k - a potion of heal wounds {unknown}
 n - a potion of curing {unknown}
 o - a potion of mutation
 p - 2 potions of berserk rage
 r - a potion of might {unknown}
 s - a potion of brilliance {unknown}


   Skills:
 - Level 2.0 Fighting
 + Level 3.0 Short Blades
 - Level 2.1 Dodging
 - Level 4.4 Stealth
 + Level 2.5 Spellcasting
 - Level 5.0 Hexes


You had 3 spell levels left.
You knew the following spells:

 Your Spells              Type           Power      Damage    Failure   Level
a - Ensorcelled Hibernat  Hex/Ice        20%        N/A       10%         2
b - Confusing Touch       Hex            19%        N/A       7%          3

Your spell library contained the following spells:

 Spells                   Type           Power      Damage    Failure   Level
 Tukima's Dance           Hex            19%        N/A       7%          3
 Dazzling Flash           Conj/Hex       20%        N/A       21%         3
 Gell's Gravitas          Tloc           2%         N/A       50%         3
 Lesser Beckoning         Tloc           2%         N/A       50%         3
 Teleport Other           Tloc           2%         N/A       50%         3


Dungeon Overview and Level Annotations

Branches:
Dungeon (4/15)
 Temple: D:4-7

Altars:
Elyvilon

Shops:
D:1 =

Annotations:
D:4 2 transporters


Innate Abilities, Weirdness & Mutations

Your natural rate of healing is accelerated.
You have razor-sharp teeth.
You have supernaturally acute eyesight. (SInv)
You are afflicted with vampirism and can become a bat while bloodless.


Message History

An adder comes into view.
The hound misses you.
You closely miss the hound.
The hound is moderately wounded.
The hound bites you but does no damage. The hound attacks as you move away!
The hound bites you. The goblin attacks as you move away!
The goblin unwields a +0 hunting sling.
The goblin wields a +0 dagger.
The goblin hits you but does no damage. The hound barely misses you.
The hound closely misses you. The adder attacks as you move away!
The adder completely misses you. The hound attacks as you move away!
The hound barely misses you. The adder barely misses you.
The hound attacks as you move away! The hound bites you.
The hound bites you but does no damage. The adder attacks as you move away!
The adder closely misses you. The hound bites you.
The hound attacks as you move away! The hound closely misses you.
The adder attacks as you move away! The adder bites you.
Found 3 scrolls of teleportation.
The adder barely misses you. The adder attacks as you move away!
The adder bites you. The adder attacks as you move away!
The adder bites you but does no damage. The adder attacks as you move away!
The adder bites you. The hound attacks as you move away!
The hound bites you. x2
The adder bites you. The hound bites you.
* * * LOW HITPOINT WARNING * * *
The adder misses you.
There is a stone staircase leading up here.
The hound bites you.
* * * LOW HITPOINT WARNING * * *
The hound bites you.
* * * LOW HITPOINT WARNING * * *
The adder misses you.
You climb upwards.
There is a stone staircase leading down here.
As you read the scroll of teleportation, it crumbles to dust.
You feel strangely unstable. The hound barely misses you. The adder misses you.
The hound bites you.
You die...

#.##....# #.# #. #?##..### #.# #.
#.##.[# #########.## #. #.##..#
#..........## #. #.##..#
#.###.......#####.
#.##..#######.# #.......><....
#.........<...###........####.
####........>h.##......#.# #.
##.......S@.....##.##.# #.
##########.###.##.##.# #.
#################.###.##.##.# ##
...)....†.......#........##.#
###############..........##.#####
#######.>.......... #############


You could see a hound and an adder.

Vanquished Creatures
  3 adders
  A worm (D:2)
  2 dart slugs
  10 endoplasms
  6 giant cockroaches
  6 goblins
  8 hobgoblins
  2 jackals (D:2)
  3 quokkas
  4 ball pythons
  3 bats
  7 frilled lizards
  4 kobolds
  7 rats
66 creatures vanquished.

Notes
Turn   | Place    | Note
-------+----------+-------------------------------------------
     0 | D:1      | Toastz the Vampire Enchanter began the quest for the Orb.
     0 | D:1      | Reached XP level 1. HP: 13/13 MP: 3/3
   227 | D:1      | Reached skill level 1 in Fighting
   235 | D:1      | Reached XP level 2. HP: 11/21 MP: 5/5
   328 | D:1      | Learned a level 2 spell: Ensorcelled Hibernation
   337 | D:1      | Found Fucid's Jewellery Boutique.
  1260 | D:2      | Gained mutation: You are afflicted with vampirism and can
                  | become a bat while bloodless. [Vampire growth]
  1260 | D:2      | Reached XP level 3. HP: 27/27 MP: 6/6
  1287 | D:2      | Learned a level 3 spell: Confusing Touch
  2173 | D:3      | Reached XP level 4. HP: 33/33 MP: 4/7
  2184 | D:3      | Found a faded altar of an unknown god.
  2750 | D:3      | Reached skill level 5 in Hexes
  3224 | D:4      | Found a transporter.
  3322 | D:4      | Found a transporter.
  3387 | D:3      | Slain by a hound

Illustrated notes

Levels and vault maps discovered:
D:1:      erik_arrival_cave_to_civilisation [erik_arrival_cave_to_temple],
          layout_basic, serial_shops, nicolae_shop_crystal, minivault_14
D:2:      layout_basic, basic_altar
D:3:      layout_loops_ring, shapermc_ecumenical_altar_mp_highgroup,
          minmay_pentomino_pile
D:4:      layout_cave_pools, minmay_temple_entry_glass,
          gammafunk_ghost_abyssal_escape, nicolae_figureground_pulse

Skill      XL: |  1  2  3  4 |
---------------+-------------+-----
Fighting       | 1 2 |  2.0
Short Blades   | 2 3 |  3.0
Hexes          | 5 |  5.0
Dodging        | |  2.1
Stealth        | |  4.4
Spellcasting   | |  2.5

Action                   |  1- 3 |  4- 6 || total
-------------------------+-------+-------++-------
Melee: Dagger            |   105 |    38 ||   143
       Bite              |    10 |     2 ||    12
       Punch             |     2 |       ||     2
 Cast: Ensorcelled Hiber |    19 |    17 ||    36
       Confusing Touch   |       |     1 ||     1
  Use: Scroll            |       |     5 ||     5
 Stab: Sleeping          |    26 |    15 ||    41
       Confused          |       |     1 ||     1
Armor: Robe              |    24 |     7 ||    31
Dodge: Dodged            |    66 |    28 ||    94

Table legend: (Time is in decaauts)
 A = Elapsed time spent in this place.
 B = Non-inter-level travel time spent in this place.
 C = Inter-level travel time spent in this place.
 D = Time resting spent in this place.
 E = Time spent auto-exploring this place.
 F = Levels seen in this place.
 G = Mean time per level.
                   A        B        C        D        E       F      G
               +--------+--------+--------+--------+--------+-----+--------+
         Total |   3371 |   3171 |    200 |     76 |   2459 |   4 |  842.8 |
       Dungeon |   3371 |   3171 |    200 |     76 |   2459 |   4 |  842.8 |
               +--------+--------+--------+--------+--------+-----+--------+

Top non-repeatable levels by time:
     D:1: 1204 daAuts
     D:3: 1087 daAuts
     D:2: 913 daAuts
     D:4: 165 daAuts
